 Dungeon Crawl Stone Soup version 0.29.1-13-g9f3cf754e1 (webtiles) character file.

Game seed: 18273678160439346206

1357 hbarley the Cleaver (level 8, 0/105 HPs)
             Began as a Hill Orc Fighter on Feb 2, 2023.
             Succumbed to a killer bee's poison
             ... on level 6 of the Dungeon.
             The game lasted 00:12:42 (6106 turns).

hbarley the Cleaver (Hill Orc Fighter)              Turns: 6106, Time: 00:12:43

Health: 0/105      AC: 24    Str: 19    XL:     8   Next: 64%
Magic:  8/8        EV:  2    Int:  8    God:
Gold:   420        SH:  5    Dex: 12    Spells: 7/7 levels left

rFire   . . .      SeeInvis .   p - +1 war axe (flame)
rCold   . . .      Faith    .   c - +0 buckler
rNeg    . . .      Spirit   .   (body armour currently unavailable)
rPois   +          Reflect  .   (helmet currently unavailable)
rElec   .          Harm     .   (cloak currently unavailable)
rCorr   +          Rampage  .   (gloves currently unavailable)
Will    .....      NoTele   +   (boots currently unavailable)
Stlth   +.........              (no amulet)
HPRegen 0.27/turn               s - ring of resist corrosion
MPRegen 0.11/turn               (no ring)

@: lethally poisoned (0 -> -23), tree-form
A: stationary, stasis, torment immunity, boosted hp
a: no special abilities


You were on level 6 of the Dungeon.
You were a tree.
You visited 2 branches of the dungeon, and saw 7 of its levels.

You collected 420 gold pieces.

Inventory:

Hand Weapons
 a - a +0 war axe
 d - a +3 battleaxe
 p - a +1 war axe of flaming (weapon)
Missiles
 u - 6 atropa-tipped darts (quivered)
Armour
 b - a +0 scale mail
 c - a +0 buckler (worn)
 r - a +0 plate armour (melded)
Jewellery
 s - a ring of resist corrosion (left branch)
Wands
 q - a wand of flame (12)
 w - a wand of iceblast (7)
Scrolls
 f - a scroll of torment
 h - a scroll of vulnerability {unknown}
 j - a scroll of fear
 k - a scroll of immolation
 l - 4 scrolls of identify
 m - a scroll of noise {unknown}
 n - 2 scrolls of magic mapping {unknown}
Potions
 e - 2 potions of lignification
 g - a potion of haste
 i - a potion of curing {unknown}
 o - 2 potions of flight {unknown}
 t - a potion of heal wounds {unknown}
 v - a potion of mutation {unknown}


   Skills:
 + Level 5.7 Fighting
 + Level 9.3 Axes
 + Level 6.9 Armour
 + Level 1.2 Dodging
 + Level 0.7 Stealth
 + Level 4.5 Shields


You had 7 spell levels left.
You didn't know any spells.
Your spell library contained the following spells:

 Spells                   Type           Power      Damage    Failure   Level
 Ignite Poison            Fire/Tmut/Pois 0%         N/A       86%         3
 Mephitic Cloud           Conj/Pois/Air  0%         N/A       86%         3
 Freezing Cloud           Conj/Ice/Air   0%         6-21      100%        5


Dungeon Overview and Level Annotations

Branches:
Dungeon (6/15)             Temple (1/1) D:4

Altars:
Ashenzari
Cheibriados
Fedhas
Gozag
Hepliaklqana
Makhleb
Nemelex Xobeh
Okawaru
Ru
Trog
Vehumet
Wu Jian
Xom
Yredelemnul
The Shining One

Shops:
D:2 (

Annotations:
D:2 shop with axe


Message History

The killer bee completely misses you.
The killer bee stings you but does no damage.
The killer bee completely misses you. The killer bee stings you!
* * * LOW HITPOINT WARNING * * *
You are more poisoned.
The killer bee poisons you! You block the killer bee's attack.
Really quaff the potion of lignification?
Uppercase [Y]es or [N]o only, please.
Really quaff the potion of lignification?
You turn into a tree.
Your +0 plate armour melds into your body.
Your roots penetrate the ground.
* * * LOW HITPOINT WARNING * * *
You feel extremely sick.
The killer bee stings you but does no damage. x5
The killer bee stings you.
* * * LOW HITPOINT WARNING * * *
You block the killer bee's attack.
The killer bee stings you but does no damage.
You miss the killer bee.
The killer bee is almost dead.
You hit the iguana. You burn the iguana. You closely miss the killer bee.
You miss the killer bee. x2
* * * LOW HITPOINT WARNING * * *
You feel extremely sick.
The killer bee stings you but does no damage.
You block the killer bee's attack.
The killer bee stings you but does no damage.
The killer bee stings you.
* * * LOW HITPOINT WARNING * * *
The iguana bites you.
* * * LOW HITPOINT WARNING * * *
The killer bee barely misses you. You block the killer bee's attack.
The killer bee completely misses you.
The killer bee stings you but does no damage.
You slash the killer bee! You burn the killer bee.
You kill the killer bee!
You barely miss the killer bee. You hit the iguana but do no damage.
You barely miss the killer bee. x2
You die...

.. #> #.........)#
#.?......#.##..........#
#...............<.......
#........##...)[....##..
........# #.........###.
........# #....#..[.##.†
.......y###..######>##..
#..y†y.....##.......#
..##..l♣y$.##....).#....
........?.##./###.##)...
#.#.......# ...........
#...$.......#####.....
###............ ......
#...........##......
#....................
#..............##...$.
#.............#. ......


You could see an iguana and 4 killer bees.

Vanquished Creatures
  An ice beast (D:6)
  A black bear (D:5)
  2 ogres
  A centaur (D:4)
  2 phantoms
  A bullfrog (D:6)
  2 scorpions
  A wight (D:6)
  A killer bee (D:6)
  A jelly (D:5)
  Ijyb (D:3)
  3 hounds
  An orc priest (D:4)
  Jessica (D:2)
  Terence (D:2)
  5 iguanas
  An orc wizard (D:3)
  6 adders
  A shadow imp (D:5)
  A white imp (D:5)
  A dart slug (D:2)
  12 orcs
  8 endoplasms
  A giant cockroach (D:1)
  6 hobgoblins
  4 jackals (D:2)
  7 kobolds
  2 quokkas
  6 ball pythons
  2 bats (D:3)
  5 frilled lizards
  16 goblins
  7 rats
111 creatures vanquished.

Notes
Turn   | Place    | Note
-------+----------+-------------------------------------------
     0 | D:1      | hbarley the Hill Orc Fighter began the quest for the Orb.
     0 | D:1      | Reached XP level 1. HP: 19/19 MP: 1/1
   342 | D:1      | Reached XP level 2. HP: 27/27 MP: 2/2
   618 | D:1      | Found a faded altar of an unknown god.
  1096 | D:2      | Reached skill level 3 in Axes
  1096 | D:2      | Reached XP level 3. HP: 33/33 MP: 3/3
  1126 | D:2      | Found Rir Meos's Weapon Emporium.
  1208 | D:2      | Noticed Terence
  1217 | D:2      | Killed Terence
  1218 | D:2      | Reached skill level 4 in Axes
  1218 | D:2      | Reached XP level 4. HP: 7/40 MP: 4/4
  1622 | D:2      | Noticed Jessica
  1628 | D:2      | Killed Jessica
  1638 | D:2      | HP: 2/40 [poisoned by Jessica]
  2408 | D:3      | Reached XP level 5. HP: 38/46 MP: 5/5
  2616 | D:3      | Noticed Ijyb
  2638 | D:3      | Killed Ijyb
  3133 | D:3      | Found a sacrificial altar of Ru.
  3133 | D:3      | Found a snail-covered altar of Cheibriados.
  3137 | D:3      | Reached skill level 5 in Axes
  3384 | D:3      | Found a burning altar of Makhleb.
  3384 | D:3      | Found a bloodstained altar of Trog.
  3687 | D:4      | Found a radiant altar of Vehumet.
  3743 | D:4      | Reached XP level 6. HP: 53/53 MP: 6/6
  3859 | D:4      | HP: 2/53 [ogre/+0 giant club (12)]
  3863 | D:4      | Reached skill level 6 in Axes
  3863 | D:4      | Reached skill level 5 in Armour
  3863 | D:4      | Reached skill level 1 in Dodging
  4304 | D:4      | Reached XP level 7. HP: 39/60 MP: 7/7
  4460 | D:4      | Reached skill level 7 in Axes
  4565 | D:4      | Found an iron altar of Okawaru.
  4583 | D:4      | Reached skill level 5 in Fighting
  4693 | D:4      | Found a staircase to the Ecumenical Temple.
  4702 | Temple   | Entered the Ecumenical Temple
  4812 | D:5      | Entered Level 5 of the Dungeon
  5379 | D:5      | Reached skill level 8 in Axes
  5379 | D:5      | Reached XP level 8. HP: 59/69 MP: 8/8
  6042 | D:6      | Reached skill level 9 in Axes
  6106 | D:6      | Succumbed to a killer bee's poison

Illustrated notes

Levels and vault maps discovered:
D:1:      lightli_arrival_statue_moat, layout_basic,
          shapermc_ecumenical_altar_mp_ritualfount
D:2:      layout_rooms, serial_shops, nicolae_shop_bloodbath_and_beyond,
          minmay_crystal_water, uniq_jessica, uniq_terence
D:3:      kennysheep_the_goblin_king, layout_loops_corners,
          gammafunk_temple_overflow_statue, gammafunk_temple_overflow_elements,
          minivault_27
D:4:      layout_basic, mainiacjoe_overflow_alcove_1,
          mainiacjoe_overflow_small_starburst, minmay_temple_entry_antechambers
D:5:      layout_basic
D:6:      layout_cave_pools
Temple:   hellmonk_temple_rainy

Skill      XL: |  1  2  3  4  5  6  7  8 |
---------------+-------------------------+-----
Axes           | 3 4 5 6 8 9 |  9.3
Fighting       | 4 5 |  5.7
Armour         | 4 5 6 |  6.9
Dodging        | 1 |  1.2
Shields        | 4 |  4.5
Stealth        | |  0.7

Action                   |  1- 3 |  4- 6 |  7- 9 || total
-------------------------+-------+-------+-------++-------
Melee: War axe           |    87 |   135 |   101 ||   323
Evoke: Wand              |       |       |     1 ||     1
  Use: Potion            |       |     2 |     2 ||     4
       Scroll            |       |       |     4 ||     4
Armor: Scale mail        |    33 |    65 |       ||    98
       Plate armour      |       |    25 |    65 ||    90
       Skin              |       |       |     9 ||     9
Dodge: Dodged            |    47 |    81 |    28 ||   156
Block: Buckler           |    15 |    32 |    31 ||    78
